 Dungeon Crawl Stone Soup version 0.23.2-11-gf996548 (webtiles) character file.

Game seed: 7724992829911464090

249 Fang the Skirmisher (level 6, -8/58 HPs)
             Began as a Gargoyle Berserker on June 5, 2019.
             Was a Priest of Trog.
             Mangled by a gnoll
             ... wielding a +0 halberd
              (12 damage)
             ... on level 4 of the Dungeon.
             The game lasted 00:03:16 (2984 turns).

Fang the Skirmisher (Gargoyle Berserker)            Turns: 2984, Time: 00:03:17

Health: -8/58      AC:  6    Str: 28    XL:     6   Next: 12%
Magic:  6/6        EV: 12    Int:  7    God:    Trog [***...]
Gold:   138        SH:  0    Dex:  9    Spells: 5/5 levels left

rFire    . . .     SeeInvis .   a - +0 hand axe
rCold    . . .     Gourm    .   (no shield)
rNeg     + . .     Faith    .   b - +0 animal skin
rPois    ∞         Spirit   .   (no helmet)
rElec    +         Reflect  .   (no cloak)
rCorr    .         Harm     .   (no gloves)
MR       ++...                  (no boots)
Stlth    ..........             (no amulet)
HPRegen  1.19/turn              (no ring)
MPRegen  0.10/turn              (no ring)

@: berserking (expiring), regenerating, very quick
A: negative energy resistance 1, electricity resistance, unbreathing,
petrification resistance, rot immunity, AC +4
a: Berserk, Trog's Hand, Renounce Religion


You were on level 4 of the Dungeon.
You worshipped Trog.
Trog was most pleased with you.
You were very hungry.

You visited 2 branches of the dungeon, and saw 5 of its levels.

You collected 138 gold pieces.

Inventory:

Hand Weapons
 a - a +0 hand axe (weapon)
Armour
 b - a +0 animal skin (worn)
Jewellery
 e - an uncursed ring of magical power {unknown}
Wands
 o - a wand of digging (3)
Scrolls
 f - 3 scrolls of teleportation {unknown}
 g - a scroll of amnesia {unknown}
 j - a scroll of enchant armour {unknown}
 k - 2 scrolls of remove curse {unknown}
 m - 4 scrolls of identify {unknown}
Potions
 h - a potion of magic {unknown}
 i - 4 potions of brilliance {unknown}
 l - a potion of curing {unknown}
 n - a potion of flight {unknown}
Comestibles
 c - 4 rations


   Skills:
 + Level 4.5 Fighting
 + Level 3.8 Axes
 + Level 3.9 Armour
 + Level 2.9 Dodging


You had 5 spell levels left.
You didn't know any spells.
Your spell library was empty.

Dungeon Overview and Level Annotations

Branches:
Dungeon (4/15)             Temple (1/1) D:4

Altars:
Okawaru
Trog
The Shining One


Innate Abilities, Weirdness & Mutations

You are resistant to torment.
Your stone body is resilient. (AC +4)
You are immune to poison.
You resist negative energy. (rN+)
You are resistant to electric shocks. (rElec)
You can survive without breathing.
You are immune to petrification.
You are immune to rotting.


Message History

You feel stronger.
You closely miss the gnoll. The gnoll hits you but does no damage.
The gnoll barely misses you. The gnoll hits you but does no damage.
You slash the gnoll!
You kill the gnoll!
Trog accepts your kill.
The gnoll hits you from afar with a +0 halberd!
* * * LOW HITPOINT WARNING * * *
The gnoll barely misses you.
You see here a +0 club.
You barely miss the gnoll. The gnoll misses you.
The gnoll hits you but does no damage.
You hit the gnoll.
The gnoll is heavily wounded.
All of the chunks of flesh in your inventory have rotted away.
You slash the gnoll!
You kill the gnoll!
Trog accepts your kill.
The gnoll hits you from afar with a +0 halberd!
You die...

#.# ######.########
....... .......#.......#
....... .....<...#
#.##>...... .#####.###
#.......... ....##.#
##.....>....
.##.##.######....g.....#
÷##.##.........)./....#
###.....#####...@)..#
#####.# #%.###### #.#
##..# #.# #...# #.#
#..## # #.# #..#
#######.# #..# ........#
#..# #######.# #..#


You could see a gnoll.

Vanquished Creatures
  Blork the orc (D:4)
  3 gnolls (D:4)
  6 adders
  3 worms
  6 dart slugs
  5 leopard geckos
  An orc (D:3)
  10 bats
  3 giant cockroaches
  8 goblins
  3 hobgoblins (D:1)
  3 jackals (D:2)
  2 quokkas
  A ball python (D:1)
  8 frilled lizards
  9 kobolds
  8 rats
80 creatures vanquished.

Notes
Turn   | Place    | Note
-------+----------+-------------------------------------------
     0 | D:1      | Fang the Gargoyle Berserker began the quest for the Orb.
     0 | D:1      | Reached XP level 1. HP: 14/14 MP: 1/1
   162 | D:1      | Reached XP level 2. HP: 18/19 MP: 2/2
   327 | D:1      | Reached XP level 3. HP: 23/23 MP: 3/3
   407 | D:1      | Reached ** piety under Trog
  1259 | D:2      | Found a glowing golden altar of the Shining One.
  1323 | D:2      | Reached XP level 4. HP: 25/29 MP: 4/4
  1567 | D:2      | Reached skill level 4 in Fighting
  2235 | D:3      | Reached XP level 5. HP: 22/33 MP: 5/5
  2325 | D:3      | Reached *** piety under Trog
  2421 | D:3      | Found a bloodstained altar of Trog.
  2706 | D:4      | Found an iron altar of Okawaru.
  2718 | D:4      | Found a staircase to the Ecumenical Temple.
  2726 | Temple   | Entered the Ecumenical Temple
  2755 | D:4      | Noticed Blork the orc
  2765 | D:4      | Killed Blork the orc
  2979 | D:4      | Reached XP level 6. HP: 7/39 MP: 6/6
  2980 | D:4      | HP: 1/58 [gnoll/+0 halberd (8)]
  2984 | D:4      | Mangled by a gnoll

Skill      XL: |  1  2  3  4 |
---------------+-------------+-----
Axes           | 3 |  3.8
Dodging        | 2 |  2.9
Armour         | 3 |  3.9
Fighting       | 4 |  4.5

Action                   |  1- 3 |  4- 6 || total
-------------------------+-------+-------++-------
Melee: Hand axe          |   161 |   173 ||   334
Invok: Berserk           |     1 |     3 ||     4
       Trog's Hand       |       |     1 ||     1
 Stab: Sleeping          |       |     3 ||     3
  Eat: Chunk             |     2 |     8 ||    10
Armor: Animal skin       |    72 |    69 ||   141
Dodge: Dodged            |   109 |   150 ||   259
